AoeStats
← The_Economist

Hideout

509144883Analyzed
1v1 RM · 5d ago on Sep 25, 2026· 37m 42s· 2 players
Game mode
Random Map
Map size
Tiny (2 player)
Population
200
Speed
Normal
Resources
Standard
Victory
Conquest
Starting age
Dark Age
Ending age
Imperial Age
RankedLock teamsTeams togetherTeam positionsShared explorationLock speedFull tech treeHidden civsTurbo modeCheats
Victory
Defeat
🇺🇸 Malay · United States
1391
+14
🇺🇸 Saxons · United States
1354
-14
Jol Nar Binks
8:04 Loom
10:22 Feudal Age
15:22 Castle Age
13:33 Double-Bit Axe
13:46 Horse Collar
16:40 Fletching
22:04 Wheelbarrow
22:23 Padded Archer Armor
22:29 Town Watch
23:04 Stone Mining
23:33 Bow Saw
23:56 Gold Mining
23:34 Crossbowman
25:37 Hand Cart
25:42 Heavy Plow
28:02 Bodkin Arrow
31:56 Imperial Age
29:41 Scale Mail Armor
31:04 Chain Mail Armor
31:30 Forging
31:28 Squires
31:31 Elite Skirmisher
32:32 Leather Archer Armor
36:54 Plate Mail Armor
36:27 Bracer
36:57 Ring Archer Armor
37:03 Iron Casting
37:39 Conscription
37:54 Ballistics
The_Economist
8:24 Feudal Age
8:02 Double-Bit Axe
8:01 Horse Collar
8:32 Loom
14:54 Gold Mining
17:33 Castle Age
15:34 Loom
16:57 Fletching
17:34 Bow Saw
17:32 Bodkin Arrow
17:29 Crossbowman
18:15 Padded Archer Armor
19:54 Town Watch
25:29 Thumb Ring
27:57 Ballistics
29:04 Wheelbarrow
33:13 Imperial Age
32:06 Heavy Plow
32:00 Stone Mining
32:47 Gold Shaft Mining
34:11 Chemistry
33:17 Bracer
34:34 Leather Archer Armor
35:07 Arbalester
Connection lost

Rejoining the realm…

Still unreachable

The connection could not be restored.

Session expired

The server has moved on; the page needs a fresh start.